[Event "*** Titled Tuesday Blitz"]
[Site "Chess.com"]
[Date "2020.11.10"]
[Round "2"]
[White "Sacbutt"]
[Black "GothamChess"]
[Result "0-1"]
[WhiteElo "2307"]
[BlackElo "2640"]
[TimeControl "180+1"]
[EndTime "10:21:10 PST"]
[Termination "GothamChess won on time"]

1. d4 Nf6 2. c4 e5 3. dxe5 Ng4 4.
Bf4 Bb4+ 5. Nd2 Nc6 6. Nf3 f6 7. e3 Ngxe5 8. Be2 O-O 9. O-O Bxd2 10. Qxd2 d6 11. b3 a5 12. Nd4 Qe7 13. Nxc6 Nxc6 14.
Bd3 Ne5 15. Bc2 Kh8 16. a4 Nc6 17. Rac1 Nb4 18. Bb1 b6 19. e4 Bb7 20. f3 Rae8 21.
Rce1 Qf7 22. Qf2 Qh5 23. Bd2 Nc6 24. Bc3 Ne5 25. Bc2 Re7 26. Qg3 Rfe8 27. h3 Ng6 28. Kh2 Ne5 29. Bxe5 Rxe5 30. Qg4 Qf7 31. Rd1 Bc8 32. Qf4 Qe7 33. Rf2 Rf8 34. Rfd2 f5 35.
exf5 Bxf5 36. Bxf5 Rexf5 37. Qg3 Rg5 38. Qf2 Qe5+ 39.
Kh1 Qc3 40. Rd3 Qf6 41. Re3 Rf5 42. Rde1 Qd4 43. Qe2 h6 44. Qd3 Qf6 45. Re8 Qf7 46. Rxf8+ Qxf8 47. Qe4 Re5 48. Qb1 Qe7 49. Rxe5 Qxe5 50.
Qg6 Kg8 51. Kg1 Kf8 52. Qd3 Ke7 53. Kf2 Qb2+ 54. Qe2+ Qxe2+ 55. Kxe2 d5 56. Kd3 dxc4+ 57. Kxc4 Kd6 58. Kd4 c6 59. Ke4 b5 60. Kd4 c5+ 61. Kc3 Kc6 0-1

[Event "*** Titled Tuesday Blitz"]
[Site "Chess.com"]
[Date "2020.11.10"]
[Round "2"]
[White "tvjosue"]
[Black "MITerryble"]
[Result "0-1"]
[WhiteElo "2570"]
[BlackElo "2912"]
[TimeControl "180+1"]
[EndTime "10:21:12 PST"]
[Termination "MITerryble won on time"]

1. b3 d5 2. Bb2 Bg4 3. c4 d4 4. g3 Nc6 5. Bg2 e5 6. d3 Nf6 7. Nd2 a5 8. a3 Be7 9. Ngf3 O-O 10. O-O Nd7 11. Re1 Nc5 12. b4 axb4 13. axb4 Nxb4 14.
Nxe5 Rxa1 15. Bxa1 Bh5 16. Nef3 Nc6 17. Nb3 Ne6 18. Bb2 Bb4 19. Rf1 Qd6 20. Qc2 Re8 21. Nbd2 Nc5 22. Re1 h6 23. Kf1 g5 24. Rb1 Qe7 25.
Re1 Qd6 26. Rb1 b6 27. Nb3 Ne6 28. Nbd2 Qe7 29. Re1 Qd6 30. e3 dxe3 31. Rxe3 f5 32. Ne5 Ned4 33. Bxd4 Nxd4 34. Qa4 Rxe5 35. Qa8+ Kg7 36.
Bd5 Bf7 37. Bxf7 Kxf7 38. Qh8 Rxe3 39. fxe3 Ne6 40. Qh7+ Ng7 41. Nf3 Qf6 42. Ke2 Be7 43. Qh8 Qb2+ 44. Kf1 Qf6 45. d4 Bd6 46. Qc8 Kg6 47. c5 bxc5 48. dxc5 Bxc5 49. Qxc7 Bxe3 50. Ne5+ Kh7 51. Nd7 Qe7 52. Qc6 Bd4 53. Qd5 Qe4 54.
Qd6 Qd3+ 55. Kg2 Qe2+ 56. Kh3 g4+ 0-1

[Event "*** Titled Tuesday Blitz"]
[Site "Chess.com"]
[Date "2020.11.10"]
[Round "2"]
[White "26andrej26"]
[Black "RD4ever"]
[Result "0-1"]
[WhiteElo "2543"]
[BlackElo "2828"]
[TimeControl "180+1"]
[EndTime "10:21:12 PST"]
[Termination "RD4ever won on time"]

1. e4 e6 2. d4 d5 3. Nc3 Bb4 4. e5 c5 5. a3 Bxc3+ 6. bxc3 Ne7 7. Qg4 O-O 8. Bd3 f5 9. exf6 Rxf6 10. Bg5 Rf7 11.
Qh5 g6 12. Qd1 Qa5 13. Bd2 e5 14. dxe5 Nbc6 15. f4 c4 16. Be2 Bf5 17. Nf3 Qc5 18. Qc1 d4 19. cxd4 Nxd4 20. Nxd4 Qxd4 21. Be3 Qc3+ 22. Bd2 Qd4 23. Be3 Qe4 24. O-O Nd5 25. Kf2 g5 26. Bf3 Qxe3+ 27. Qxe3 Nxe3 28. Kxe3 gxf4+ 29. Kf2 Rd8 30. Rfd1 Rfd7 31. c3 Kf7 32. Rxd7+ Rxd7 33. Be2 Rd2 34. Kf3 Bd3 35. Bxd3 Rxd3+ 36. Kxf4 Rxc3 37.
Rd1 Ke7 38. Rd4 b5 39. Rd5 a6 40. Rc5 Rc2 41. Rc7+ Ke6 42. Rc6+ Kd5 43. Rd6+ Kc5 44. Rxa6 Rxg2 45. e6 Rxh2 46. Kf5 Re2 47. Kf6 c3 48. Ra7 Kc4 49. Rxh7 c2 50. Rc7+ Kb3 51. e7 Re4 52. Kf7 Rf4+ 53. Ke6 Rc4 54. Rxc4 bxc4 55. e8=Q c1=Q 56.
Qb5+ Ka2 57. Qb4 c3 58. Qc4+ Ka1 59. a4 Qe3+ 60. Kd5 Qd2+ 61. Kc5 c2 62. Qf1+ c1=Q+ 0-1

[Event "*** Titled Tuesday Blitz"]
[Site "Chess.com"]
[Date "2020.11.10"]
[Round "2"]
[White "Mazetovic"]
[Black "lolo9292"]
[Result "1/2-1/2"]
[WhiteElo "2749"]
[BlackElo "2527"]
[TimeControl "180+1"]
[EndTime "10:21:13 PST"]
[Termination "Game drawn by repetition"]

1. e4 e5 2. Nf3 Nc6 3. Bb5 a6 4. Bxc6 dxc6 5. O-O Qf6 6. d4 exd4 7. Bg5 Qd6 8. Qxd4 Qxd4 9. Nxd4 Bd7 10. Nc3 f6 11.
Be3 Bb4 12. Nce2 O-O-O 13. a3 Bd6 14. Nc3 Ne7 15. Rad1 Ng6 16. Nde2 Rhe8 17. Bc1 f5 18. exf5 Bxf5 19. Nd4 Bg4 20. Rd3 Be5 21. Be3 c5 22. Nb3 Rxd3 23. cxd3 b6 24. Re1 Bd6 25. Ne4 Be5 26.
Bc1 Bf5 27. f3 Be6 28. Nbd2 Bd4+ 29. Kf1 Bd7 30. Nc4 b5 31. Na5 Ne5 32. Rd1 Rf8 33. Nb3 Bc6 34. Nxd4 cxd4 35. Ke2 Bd5 36. b4 Ng6 37. g3 Ne7 38. Bb2 Nf5 39. Rc1 c6 40. g4 Nh4 41. Rf1 Ng2 42. Bxd4 Nf4+ 43. Ke3 Ng2+ 44.
Kd2 Nh4 45. f4 Kb7 46. Rf2 g6 47. Nd6+ Ka8 48. Be5 Nf3+ 49. Ke3 Nh4 50. d4 h5 51. f5 hxg4 52. f6 Nf3 53. Kf4 Be6 54. Rxf3 gxf3 55.
Kxf3 Kb8 56. Kf4 Kc7 57. Kg5 Kd7 58. Kxg6 a5 59. f7 axb4 60. axb4 Ke7 61. Kg7 Bxf7 62. Nf5+ Ke8 63. Nd6+ Ke7 64. Nf5+ Ke8 65. Nd6+ Ke7 1/2-1/2

[Event "*** Titled Tuesday Blitz"]
[Site "Chess.com"]
[Date "2020.11.10"]
[Round "2"]
[White "MarceloPlaya"]
[Black "mirciulica14"]
[Result "0-1"]
[WhiteElo "2308"]
[BlackElo "2625"]
[TimeControl "180+1"]
[EndTime "10:21:13 PST"]
[Termination "mirciulica14 won on time"]

1. e4 e5 2. Nf3 Nc6 3. d4 exd4 4.
Bc4 Nf6 5. Ng5 Ne5 6. Qxd4 Nxc4 7. Qxc4 d5 8. exd5 Qxd5 9. Qe2+ Be6 10. O-O O-O-O 11. Nc3 Qc4 12. Nxe6 Qxe2 13. Nxe2 fxe6 14. Be3 e5 15. Rad1 Be7 16. f3 Nd5 17. Bd2 Bc5+ 18.
Kh1 Rd7 19. c3 Rhd8 20. Bg5 Nf6 21. Rxd7 Rxd7 22. Ng3 Be7 23. Re1 h6 24. Bc1 Nd5 25.
Kg1 Bc5+ 26. Kf1 Nf4 27. Bxf4 exf4 28. Ne4 Be3 29. Ke2 c6 30. Rd1 Re7 31. Nd6+ Kc7 32. Nf5 Re5 33. Nxe3 Rxe3+ 34. Kf2 g5 35. h4 Re5 36.
hxg5 hxg5 37. Rd2 a5 38. g3 fxg3+ 39. Kxg3 b5 40. Kg4 a4 41. Rh2 Kb6 42. b3 axb3 43.
axb3 Re3 44. Rc2 c5 45. Kg3 b4 46. cxb4 cxb4 47. Rb2 Kc5 48. Kg4 Kd4 49. Rc2 Rxb3 50. Rc8 Rc3 51. Rd8+ Kc4 52. Rc8+ Kb3 53. Rf8 Kc2 54.
Kxg5 b3 55. f4 b2 0-1

[Event "*** Titled Tuesday Blitz"]
[Site "Chess.com"]
[Date "2020.11.10"]
[Round "2"]
[White "Qvalda"]
[Black "lelya96"]
[Result "1/2-1/2"]
[WhiteElo "2405"]
[BlackElo "2207"]
[TimeControl "180+1"]
[EndTime "10:21:13 PST"]
[Termination "Game drawn - insufficient material"]

1. e4 e5 2. Nf3 Nc6 3. Nc3 Nf6 4. d4 Bb4 5. Nxe5 Qe7 6. Nxc6 Qxe4+ 7. Qe2 dxc6 8. a3 Bxc3+ 9. bxc3 O-O 10. Qxe4 Nxe4 11. Bd2 Re8 12. Be2 Bf5 13. Rc1 Re7 14. f3 Rae8 15.
fxe4 Rxe4 16. O-O Rxe2 17. Rxf5 Rxd2 18. Rf2 Ree2 19. Rxe2 Rxe2 20. Kf1 Re3 21. Rb1 b6 22. Rb3 f5 23. Kf2 Re4 24. Rb4 b5 25. a4 a6 26.
axb5 cxb5 27. Rb1 Re6 28. Ra1 Kf7 29. Kf3 Rc6 30. Kf4 Rxc3 31. Ra5 Rxc2 32. Rxa6 g6 33. Ra7 Ke6 34. h4 Kd5 35. Ke3 Rc3+ 36. Kf4 Kxd4 37.
Rb7 Rc4 38. Rxb5 Kd3+ 39. Kg5 Rg4+ 40. Kf6 Rxh4 41. Rc5 Rc4 42. Rd5+ Ke4 43. Rd7 c5 44. Rxh7 Rc2 45. Re7+ Kf4 46. Rc7 c4 47. Kxg6 c3 48.
Rc4+ Ke3 49. Kxf5 Rf2+ 50. Ke5 c2 51. g4 Kd2 52. g5 Re2+ 53. Kf6 Rf2+ 54. Ke7 Rg2 55.
Kf6 Rg3 56. Rxc2+ Kxc2 57. g6 Rf3+ 58. Ke7 Kd3 59. g7 Rg3 60. Kf8 Rxg7 61. Kxg7 1/2-1/2

[Event "*** Titled Tuesday Blitz"]
[Site "Chess.com"]
[Date "2020.11.10"]
[Round "2"]
[White "Michaelson_11"]
[Black "CM_rui"]
[Result "0-1"]
[WhiteElo "2124"]
[BlackElo "2396"]
[TimeControl "180+1"]
[EndTime "10:21:14 PST"]
[Termination "CM_rui won by checkmate"]

1. e4 e5 2. Nf3 Nc6 3. Nc3 Nf6 4. Bb5 Bb4 5. d3 d6 6. O-O O-O 7. Bg5 Bxc3 8. bxc3 h6 9. Bh4 a6 10. Bxc6 bxc6 11. Re1 Re8 12. Qd2 Be6 13. d4 Bg4 14. Qd3 Qe7 15. dxe5 dxe5 16. h3 Bh5 17. g4 Bg6 18.
Re3 Qe6 19. Bg3 Red8 20. Qe2 Nd7 21. Nh4 Bh7 22. Nf5 Nb6 23. Rd3 Nc4 24. Rad1 Rxd3 25. cxd3 Nd6 26. d4 exd4 27. Bxd6 cxd6 28. cxd4 d5 29.
f3 Re8 30. Re1 dxe4 31. fxe4 h5 32. Qf3 hxg4 33. hxg4 Qxa2 34. e5 Qd2 35. Re4 a5 36.
Qf2 Qc1+ 37. Kg2 a4 38. Re2 a3 39. Nd6 Rf8 40. Ra2 Qc3 41. Qg3 Qxd4 42. Rxa3 Qb2+ 43.
Qf2 Qxa3 44. Qe2 Qc5 45. Qf3 Qd5 46. Qxd5 cxd5 47. Kf3 Be4+ 48. Ke3 Rd8 49. Kd4 f5 50.
gxf5 Kf8 51. Nb5 Ke7 52. e6 Kf6 53. Nc7 Bxf5 54. Nxd5+ Kxe6 55. Kc4 Rxd5 56. Kb4 g5 57. Kc4 g4 58. Kb4 g3 59. Ka4 g2 60. Kb4 g1=Q 61.
Kc3 Qg3+ 62. Kb2 Rd2+ 63. Kc1 Qc3# 0-1

[Event "*** Titled Tuesday Blitz"]
[Site "Chess.com"]
[Date "2020.11.10"]
[Round "2"]
[White "AnishOnYoutube"]
[Black "Anna_ChessMate"]
[Result "1-0"]
[WhiteElo "2975"]
[BlackElo "2600"]
[TimeControl "180+1"]
[EndTime "10:21:15 PST"]
[Termination "AnishOnYoutube won on time"]

1. c4 c6 2. Nf3 d5 3. g3 Nf6 4.
Bg2 Bf5 5. Qb3 Qb6 6. d3 e6 7.
Be3 Qc7 8. O-O Nbd7 9. cxd5 exd5 10. Nc3 Be6 11. Nd4 Bc5 12. Na4 Bd6 13. Rac1 Qb8 14. Nxe6 fxe6 15. Bh3 Ke7 16. Bd2 c5 17. Nc3 Re8 18. Nb5 b6 19. e4 c4 20. dxc4 Nc5 21. Qc2 Ncxe4 22. cxd5 exd5 23. Nxd6 Qxd6 24. Bf4 Qb4 25.
a3 Qb5 26. f3 Qc5+ 27. Kg2 Qxc2+ 28. Rxc2 Nc5 29. b4 Nd3 30. Bg5 Kf8 31. Rd2 Ne5 32. Re1 Nc4 33. Rde2 Rxe2+ 34. Rxe2 Re8 35. Rxe8+ Kxe8 36. Bc1 Ke7 37. Kf2 d4 38. Ke2 Kd6 39. Bg2 b5 40. Kd3 Ne5+ 41. Kxd4 Nc6+ 42. Kd3 Ne5+ 43. Kd4 Nc6+ 44. Ke3 Nd5+ 45. Kd2 Ne5 46. f4 Nc4+ 47. Kd3 Nf6 48. Kd4 Ng4 49. h3 Nh6 50. g4 Nf7 51. f5 Nfe5 52. Bf4 a6 53.
Bd5 1-0

[Event "*** Titled Tuesday Blitz"]
[Site "Chess.com"]
[Date "2020.11.10"]
[Round "2"]
[White "Rud_Makarian"]
[Black "gilbert_gm"]
[Result "1-0"]
[WhiteElo "2825"]
[BlackElo "2540"]
[TimeControl "180+1"]
[EndTime "10:21:16 PST"]
[Termination "Rud_Makarian won by checkmate"]

1. d4 d5 2. c4 e6 3. Nf3 Nf6 4. Nc3 Bb4 5. cxd5 exd5 6. Bf4 O-O 7. e3 c5 8. dxc5 Ne4 9. a3 Bxc3+ 10. bxc3 Qa5 11. Rc1 Qxa3 12. Bd3 Qxc5 13. O-O Nc6 14. c4 Be6 15. Qe2 Nf6 16. cxd5 Qxd5 17. Ng5 h6 18. Bc4 Qf5 19. Nxe6 fxe6 20. Qa2 Rae8 21. Rfd1 Kh8 22. f3 e5 23. Bg3 e4 24. f4 a6 25. h3 Nb4 26.
Qb3 Nd3 27. Bxd3 exd3 28. Qxd3 Ne4 29. Be1 b5 30. Rc6 Qf7 31. Rxa6 Nf6 32. Qxb5 Rxe3 33.
Bf2 Re4 34. Qf5 Rfe8 35. Bh4 Qh5 36. Qxh5 Nxh5 37. g3 Re2 38. Rf1 Rc2 39. Rf2 Rc1+ 40. Kg2 Rc3 41. g4 Nf6 42. Bxf6 gxf6 43. Rxf6 Ree3 44.
Rxh6+ Kg7 45. Rh5 Rg3+ 46. Kh2 Rge3 47. f5 Kf6 48. Rh6+ Kg5 49. Rh5+ Kf6 50. g5+ Kg7 51.
f6+ Kg6 52. f7 Kxh5 53. f8=Q Rxh3+ 54. Kg2 Rhg3+ 55. Kf1 Rxg5 56. Qh8+ Kg4 57. Qxc3 Rf5 58. Qd4+ Kh3 59. Rxf5 Kg3 60. Qf4+ Kh3 61. Rh5# 1-0

[Event "*** Titled Tuesday Blitz"]
[Site "Chess.com"]
[Date "2020.11.10"]
[Round "2"]
[White "JoachimMouhamad"]
[Black "akanga001"]
[Result "1-0"]
[WhiteElo "2355"]
[BlackElo "1912"]
[TimeControl "180+1"]
[EndTime "10:21:17 PST"]
[Termination "JoachimMouhamad won on time"]

1. e4 c6 2. d4 d5 3. Nc3 dxe4 4. Nxe4 Nf6 5. Nxf6+ gxf6 6. c3 Bf5 7. Nf3 Nd7 8. Nh4 Bg6 9. g3 e5 10. Bg2 Be7 11.
O-O f5 12. Nxg6 hxg6 13. dxe5 Nxe5 14. Qxd8+ Rxd8 15. Re1 f6 16. Be3 a6 17. Rad1 Kf7 18. h4 Nc4 19. Bc1 Bc5 20. Bf3 Ne5 21. Be2 b5 22. Kg2 Ng4 23. Bxg4 fxg4 24. Bf4 Be7 25. f3 gxf3+ 26. Kxf3 Rxd1 27. Rxd1 Rd8 28. Rxd8 Bxd8 29. b3 Ke6 30. g4 g5 31. Bg3 gxh4 32. Bxh4 Kd5 33.
Kf4 Ke6 34. c4 Bc7+ 35. Ke4 Be5 36. Bf2 Bb2 37. Be3 Ba3 38. Ba7 Bb4 39. Bb8 Bd2 40. Bf4 Bc3 41. Be3 Bb2 42. Kd3 Be5 43. Ke4 Bd6 44. a4 bxa4 45. bxa4 Bb4 46. Kd3 Ke5 47.
Bd4+ Ke6 48. Ke4 Bd6 49. Bb6 Bb8 50. Kd4 Be5+ 51. Kc5 Kd7 52. Ba5 Bd6+ 53. Kb6 Bf4 54. Kxa6 Kd6 55. Bb6 c5 56. Kb5 Be3 57. a5 Bd2 58. a6 Be3 59. a7 Ke5 60. a8=Q 1-0

[Event "*** Titled Tuesday Blitz"]
[Site "Chess.com"]
[Date "2020.11.10"]
[Round "2"]
[White "esapunov"]
[Black "LawrenceTrent"]
[Result "0-1"]
[WhiteElo "2698"]
[BlackElo "2515"]
[TimeControl "180+1"]
[EndTime "10:21:20 PST"]
[Termination "LawrenceTrent won by resignation"]

1. c4 e6 2. Nf3 Nf6 3. Nc3 d5 4. d4 dxc4 5. e3 a6 6. a4 b6 7. Bxc4 Bb7 8. Qe2 Bb4 9. O-O O-O 10. Rd1 Nbd7 11. Bd3 Qe7 12. e4 e5 13. d5 c6 14.
dxc6 Bxc6 15. Na2 Bc5 16. b3 Rfd8 17. Bg5 h6 18. Bh4 Qe6 19. Rab1 Be7 20. h3 Nh5 21. Bc4 Nf4 22. Qf1 Nxh3+ 23. gxh3 Qg6+ 24. Kh2 Bxh4 25. Nxh4 Qxe4 26. Ng2 Nc5 27. Nb4 Bb7 28. Nd3 Nxa4 29. Re1 Qd4 30. Nxe5 Nc3 31. Nxf7 b5 32. Be6 Re8 33.
Nxh6+ Kh7 34. Ng4 Qd6+ 35. Kg1 Nxb1 36. Bf5+ g6 37. Bxb1 Rxe1 38. Qxe1 Rf8 39. Qe3 Kg8 40. Bd3 Rf3 41. Qe8+ Rf8 42. Qxg6+ Qxg6 43. Bxg6 Rf3 44. b4 Rxh3 45. N4e3 Rh6 46. Bf5 Rd6 47. f4 Rd4 48. Be6+ Kf8 49. f5 Rxb4 50. Kf2 Rd4 51. Ne1 a5 52. N1c2 Rd2+ 53. Kg3 b4 54. Kf4 Rd3 55. Ke5 b3 56. Nd4 Rxe3+ 57. Kd6 b2 58. Ba2 Re1 59. Kc5 b1=Q 60. Bxb1 Rxb1 61. Ne6+ Ke7 62. Ng5 a4 63. Ne6 a3 64. Nd4 a2 65. f6+ Kxf6 0-1

[Event "*** Titled Tuesday Blitz"]
[Site "Chess.com"]
[Date "2020.11.10"]
[Round "2"]
[White "KuzubovYuriy"]
[Black "SharapovEvgeny"]
[Result "1-0"]
[WhiteElo "2827"]
[BlackElo "2455"]
[TimeControl "180+1"]
[EndTime "10:21:20 PST"]
[Termination "KuzubovYuriy won by resignation"]

1. d4 d5 2. c4 c6 3. Nf3 Nf6 4. Nc3 g6 5. cxd5 cxd5 6. Bf4 Nc6 7. e3 a6 8. Be2 Bg7 9. O-O O-O 10.
Rc1 Bg4 11. Na4 Ne4 12. h3 Bxf3 13. Bxf3 e5 14. dxe5 Nxe5 15. Bxe5 Bxe5 16. Bxe4 dxe4 17. Qb3 Qe7 18. Nc5 Bd6 19. Qd5 Rad8 20. g3 Bxc5 21.
Qxc5 Qxc5 22. Rxc5 Rd2 23. Rb1 Rfd8 24. Kf1 R8d7 25.
Ke1 f5 26. a4 Kf7 27. Rc3 Ke6 28. Rb3 R2d3 29. Rb6+ R3d6 30. Rb4 a5 31. Rb5 Rd5 32. Rb3 Rd3 33. Rb6+ R3d6 34. Rxd6+ Rxd6 35. b4 axb4 36. Rxb4 b6 37. g4 h5 38. gxh5 gxh5 39. h4 Ke5 40. Rb5+ Ke6 41. Kf1 Rd1+ 42. Kg2 Ra1 43. Rxb6+ Ke5 44.
Rb5+ Ke6 45. Ra5 Kf6 46. Ra8 Ke6 47. a5 Kf6 48. a6 Kg6 49. a7 Kg7 50. Kg3 Ra2 51.
Kf4 Rxf2+ 52. Kg5 Ra2 53. Kxf5 Ra4 54. Ke5 Kh7 55. Kf6 Ra6+ 56. Kf5 Ra4 57. Ke5 Kg7 58.
Kd5 Kh7 59. Kc6 Ra3 60. Kd5 Ra4 61. Ke6 Ra5 62. Rd8 Rxa7 63. Rd7+ Rxd7 64. Kxd7 Kg6 65. Ke6 Kg7 66. Kf5 Kf7 67. Kxe4 Ke6 68. Kf4 Kf6 69. e4 Ke6 70. Kg5 Ke5 71. Kxh5 Kxe4 72. Kg6 1-0

[Event "*** Titled Tuesday Blitz"]
[Site "Chess.com"]
[Date "2020.11.10"]
[Round "2"]
[White "Vamostodorecto"]
[Black "GalperinPlaton"]
[Result "0-1"]
[WhiteElo "2347"]
[BlackElo "2880"]
[TimeControl "180+1"]
[EndTime "10:21:20 PST"]
[Termination "GalperinPlaton won on time"]

1. d4 c6 2. c4 d6 3. Nc3 Nd7 4.
e4 h6 5. Nf3 g5 6. Be3 Bg7 7.
Qd2 Nf8 8. Bd3 Ng6 9. O-O g4 10.
Ne1 h5 11. f4 gxf3 12. Nxf3 c5 13. d5 Nh6 14. e5 Ng4 15. e6 N6e5 16. Nxe5 Nxe5 17. exf7+ Kf8 18. Ne4 Qd7 19. Ng5 Qa4 20. b3 Qb4 21. Qxb4 cxb4 22. Nh7+ Rxh7 23. Bxh7 Bf6 24.
Bg8 Ng4 25. Bd2 Bg7 26. Rae1 Nf6 27. Bxb4 Bd7 28. Bc3 h4 29. h3 b5 30. Rf4 Rc8 31. Rxh4 bxc4 32. bxc4 Bf5 33. Rf1 Bd3 34. Bxf6 Bxf6 35. Rxf6 exf6 36. Rh6 Kg7 37. Rh4 Bxc4 38.
Rh7+ Kf8 39. Rh6 Ke7 40. Rh5 Bxa2 41. Kf2 Bb1 42. Ke3 Kf8 43. Rh4 a5 44. Ra4 Rc5 45. Kd4 Rb5 46. Ra3 Bg6 47. Ke3 Rxd5 48. Ra4 Rc5 49.
Kf4 d5 50. h4 Rb5 51. Ke3 Bxf7 52. Kd4 Bxg8 53. h5 Rb4+ 54. Rxb4 axb4 0-1

[Event "*** Titled Tuesday Blitz"]
[Site "Chess.com"]
[Date "2020.11.10"]
[Round "2"]
[White "r31415"]
[Black "orestn"]
[Result "1-0"]
[WhiteElo "2461"]
[BlackElo "2252"]
[TimeControl "180+1"]
[EndTime "10:21:22 PST"]
[Termination "r31415 won by resignation"]

1. e4 e5 2. Nf3 Nc6 3. Bc4 Bc5 4.
c3 Nf6 5. d3 d6 6. O-O a5 7.
Nbd2 O-O 8. Re1 h6 9. Nf1 Re8 10. Ng3 Be6 11. Bb5 Bd7 12. Ba4 Ne7 13. Bc2 Ng6 14.
h3 b5 15. d4 Bb6 16. Be3 Qb8 17. Nf5 a4 18. a3 Bc6 19. Nd2 exd4 20. Bxd4 Bxd4 21.
cxd4 Qb7 22. Qf3 Nh7 23. h4 Bd7 24. Qg3 Bxf5 25. exf5 Ngf8 26. Be4 d5 27. Bd3 Qb6 28. Nf3 Nf6 29. Qf4 Nh5 30. Qd2 Nf6 31. Qf4 Nh5 32. Qd2 Nf6 33. Rec1 N8d7 34. Qf4 Rac8 35. g4 Ne4 36. Re1 c5 37. Bxe4 dxe4 38. Rxe4 Rxe4 39. Qxe4 Nf6 40. Qf4 Re8 41. g5 Re4 42.
Qd2 hxg5 43. hxg5 Rg4+ 44. Kf1 Ne4 45. Qe3 cxd4 46. Nxd4 Nxg5 47. Rd1 b4 48. axb4 Qf6 49. f3 Rh4 50. Kg2 Qh6 51. Rg1 Rh2+ 52. Kf1 Qh3+ 53. Ke1 Rh1 54. Rxh1 Qxh1+ 55. Kd2 Qh2+ 56. Kc3 Nh3 57.
Qe8+ Kh7 58. Qxf7 Nf4 59. Qe8 Nd5+ 60. Kc4 Nf6 61. Qe6 Kh8 62. Qc8+ Kh7 63. Qc6 Qxb2 64.
Ne6 Qa2+ 65. Kb5 Qe2+ 66. Kb6 Qe5 67. Ng5+ Kh6 68. Nf7+ Kh5 69. Nxe5 1-0

[Event "*** Titled Tuesday Blitz"]
[Site "Chess.com"]
[Date "2020.11.10"]
[Round "2"]
[White "Shushik"]
[Black "profofchess"]
[Result "1/2-1/2"]
[WhiteElo "2241"]
[BlackElo "2438"]
[TimeControl "180+1"]
[EndTime "10:21:22 PST"]
[Termination "Game drawn - insufficient material"]

1. e4 e6 2. d4 d5 3. Nd2 Nf6 4. e5 Nfd7 5. Bd3 c5 6. c3 Nc6 7.
Ngf3 g6 8. O-O Bg7 9. Re1 O-O 10.
b3 f6 11. exf6 Qxf6 12. Bb2 e5 13. dxe5 Ndxe5 14. Be2 Bg4 15. Rf1 Nxf3+ 16. Nxf3 Rad8 17. h3 Bf5 18. Qd2 Be4 19. Rad1 Kh8 20. Qg5 Qf7 21.
Qe3 Bxf3 22. Bxf3 d4 23. Qc1 Ne5 24. Be4 d3 25. c4 d2 26. Rxd2 Rxd2 27. Qxd2 b6 28. Bd5 Qf6 29. Ba1 Qd6 30. Re1 Nd7 31. Bxg7+ Kxg7 32. Qc3+ Nf6 33. Qe5 Qxe5 34. Rxe5 Re8 35.
Rxe8 Nxe8 36. Kf1 Nd6 37. Ke2 g5 38. Ke3 Kf6 39. f4 h6 40. fxg5+ Kxg5 41. Kf3 h5 42. g3 Nf5 43. h4+ Kf6 44. Kf4 Nd4 45. Be4 Ne2+ 46. Kf3 Nc3 47. Bd3 Nxa2 48. Kf4 Nb4 49. Be2 Nc6 50.
Bxh5 Nd4 51. Bd1 a6 52. g4 b5 53. cxb5 axb5 54. h5 Kg7 55. g5 c4 56. bxc4 bxc4 57. Ke4 Ne6 58. g6 Nc5+ 59. Kd5 Nd3 60. Kd4 Nf2 61. Bc2 Nh3 62. Kxc4 Nf4 63. Bd1 Nxg6 64.
hxg6 Kxg6 1/2-1/2

[Event "*** Titled Tuesday Blitz"]
[Site "Chess.com"]
[Date "2020.11.10"]
[Round "2"]
[White "Tashik"]
[Black "giantslayer83"]
[Result "0-1"]
[WhiteElo "2482"]
[BlackElo "2706"]
[TimeControl "180+1"]
[EndTime "10:21:23 PST"]
[Termination "giantslayer83 won on time"]

1. c4 e6 2. Nf3 d5 3. d4 Nf6 4. Nc3 Bb4 5. g3 O-O 6. Bg2 dxc4 7. O-O a6 8. Ne5 c5 9. dxc5 Bxc5 10. Nxc4 Ra7 11. Bf4 Nbd7 12. Bd6 Bxd6 13. Qxd6 b5 14. Ne3 Bb7 15. Bxb7 Rxb7 16. Rfd1 Qb6 17. Qf4 Qc7 18. Qh4 Qe5 19. Rac1 h6 20. Qb4 Ra8 21. Qd6 a5 22.
Qxe5 Nxe5 23. a4 bxa4 24. Nxa4 Rb4 25. Ra1 Nfg4 26. Nc2 Rb7 27. f3 Rc8 28. Rac1 Rbc7 29. Nc3 Nf6 30. Nd4 Nc4 31. Ndb5 Rc5 32. Nd6 Nxd6 33.
Rxd6 Nd5 34. Ra6 Rb8 35. Ra1 Nxc3 36. bxc3 Rb2 37. Kf2 Re5 38. Re1 Rc2 39. f4 Re4 40.
Rxa5 Rxc3 41. Ra2 g5 42. fxg5 hxg5 43. Rd1 Kg7 44. Rd3 Rc5 45. Re3 Rf5+ 46. Rf3 Rfe5 47. Kf1 Kg6 48. Rf2 g4 49. Kg2 f5 50. Kf1 Re3 51.
Kg2 R5e4 52. Kf1 Kg5 53. Kg2 Rb3 54. Kf1 Rb1+ 55. Kg2 Rc4 56. Rf1 Rb3 57. Rd1 e5 58. Rd5 Re4 59. Rdd2 f4 60. gxf4+ exf4 61. Ra5+ Kh4 0-1

[Event "*** Titled Tuesday Blitz"]
[Site "Chess.com"]
[Date "2020.11.10"]
[Round "2"]
[White "HanSchut"]
[Black "Savva09022009"]
[Result "1-0"]
[WhiteElo "2213"]
[BlackElo "2394"]
[TimeControl "180+1"]
[EndTime "10:21:24 PST"]
[Termination "HanSchut won by resignation"]

1. e4 c5 2. Nf3 d6 3. d4 cxd4 4. Nxd4 Nf6 5. f3 Nc6 6. c4 e5 7.
Nc2 Be7 8. Nc3 O-O 9. Be3 Be6 10. Qd2 Rc8 11. Be2 a6 12. O-O Qc7 13. Rfc1 Na5 14. b3 b5 15. Nd5 Bxd5 16. cxd5 Nb7 17. Nb4 Qd7 18. Nxa6 Nh5 19. Nb4 f5 20. Nc6 f4 21.
Bf2 g5 22. Bxb5 Ra8 23. Nd4 Qd8 24. Ne6 Qb8 25. Rc7 Bd8 26. Nxf8 Bxc7 27. Ne6 Nc5 28.
Bc6 Ra6 29. Nxc5 dxc5 30. Bxc5 g4 31. b4 g3 32. h3 Bb6 33. Qc2 Nf6 34. a4 Bxc5+ 35.
Qxc5 Ne8 36. a5 Nd6 37. b5 Ra7 38. b6 Ra6 39. Bb5 Ra8 40. Bc6 Ra6 41. Rc1 Kg7 42. Ba4 Kh6 43. Qc7 Qxc7 44. bxc7 Ra8 45. Bd7 Rxa5 46.
c8=Q Nxc8 47. Bxc8 Kg7 48. Bf5 Kf6 49. d6 Ra6 50. d7 Ke7 51. d8=Q+ Kxd8 52. h4 h6 53. Bh3 Ke7 54. Kf1 Ra2 55. Ke1 Kd6 56. Rd1+ Ke7 57.
Rd5 Ra1+ 58. Kd2 Rh1 59. Kc3 Kf6 60. Kc4 Ke7 61. Rxe5+ Kf6 62. Rd5 Rc1+ 63. Kb5 Rb1+ 64.
Kc6 Rc1+ 65. Kd6 Rh1 66. e5+ Kf7 67. e6+ Ke8 68. Ke5 Re1+ 69. Kxf4 Rxe6 70. Bxe6 1-0

[Event "*** Titled Tuesday Blitz"]
[Site "Chess.com"]
[Date "2020.11.10"]
[Round "2"]
[White "NikolaGry"]
[Black "Fortitudine"]
[Result "1/2-1/2"]
[WhiteElo "2621"]
[BlackElo "2283"]
[TimeControl "180+1"]
[EndTime "10:21:27 PST"]
[Termination "Game drawn by repetition"]

1. d4 Nf6 2. Nf3 g6 3. c3 Bg7 4. Bf4 b6 5. h3 O-O 6. e3 d6 7.
Nbd2 c5 8. Be2 Ba6 9. O-O Qc8 10. a4 Bxe2 11. Qxe2 Qa6 12. Qb5 Nd5 13. Bg3 Nc7 14. Qb3 Qb7 15. Rfe1 Nc6 16. h4 Rac8 17. h5 Na5 18.
Qd1 Ne6 19. Qe2 Rfe8 20. b4 cxb4 21. cxb4 Nc6 22. Rab1 d5 23. hxg6 hxg6 24. Rb2 Nb8 25. Ne5 Nd7 26. Ndf3 Nf6 27. Nd2 Ng5 28. Bh4 Nge4 29.
Bxf6 exf6 30. Nxe4 fxe5 31. Nd6 Qd7 32. Nxe8 Rxe8 33.
dxe5 Rxe5 34. Qb5 Qe7 35. Rd2 d4 36. Qc6 dxe3 37. Qc8+ Kh7 38. Qh3+ Bh6 39. Rde2 exf2+ 40. Kxf2 Rxe2+ 41. Rxe2 Qxb4 42. Qf3 Qc5+ 43. Kf1 Qc1+ 44. Re1 Qc4+ 45. Kg1 Qc5+ 46. Qf2 Qd5 47. Re7 Kg8 48.
Re8+ Bf8 49. Qf6 Qd1+ 50. Kh2 Qh5+ 51. Kg3 Qc5 52. Qd8 Kg7 53. Qd3 Bd6+ 54. Kf3 Qc6+ 55.
Kf2 Qxe8 56. Qxd6 Qxa4 57. Qe5+ Kg8 58. Qb8+ Kh7 59. Qh2+ Kg7 60. Qe5+ Kg8 61. Qb8+ Kg7 62. Qe5+ 1/2-1/2

[Event "*** Titled Tuesday Blitz"]
[Site "Chess.com"]
[Date "2020.11.10"]
[Round "2"]
[White "Jospem"]
[Black "Iskusnyh"]
[Result "1-0"]
[WhiteElo "2911"]
[BlackElo "2568"]
[TimeControl "180+1"]
[EndTime "10:21:28 PST"]
[Termination "Jospem won on time"]

1. e4 e6 2. d4 d5 3. Nc3 Nf6 4. exd5 exd5 5. Bd3 Nc6 6. Nge2 Nb4 7. Bb5+ c6 8. Ba4 Be7 9. O-O O-O 10. Ng3 Re8 11. Nce2 Bg4 12. c3 Na6 13. Bc2 Bf8 14.
Qd3 Nc7 15. Bg5 g6 16. Rae1 Ne6 17. Bc1 Bxe2 18. Rxe2 Bd6 19. Rfe1 Bf4 20. Bxf4 Nxf4 21. Rxe8+ Nxe8 22. Qf3 Qf6 23. Nf5 Ne6 24. Qg3 N8g7 25. Nh6+ Kf8 26. Ng4 Qd8 27. Qe5 Qc7 28. Qf6 Re8 29. Ne5 Kg8 30. h4 Nf8 31. Re3 Re6 32.
Qf3 f6 33. Ng4 f5 34. Ne5 Nd7 35. Nxd7 Qxd7 36. Qe2 Rxe3 37. Qxe3 Qe6 38. Qd2 Qf6 39.
g3 Qe6 40. Kg2 Ne8 41. Bd1 Nd6 42. f3 Nc4 43. Qc1 Ne3+ 44. Kf2 Nc4 45. Be2 Nd6 46. b3 Kg7 47. a4 h6 48. Qf4 Qf6 49. Qe3 g5 50. hxg5 hxg5 51. Bd3 f4 52. gxf4 gxf4 53. Qd2 Qh4+ 54. Kf1 Qh3+ 55. Ke2 Qg2+ 56. Ke1 Qxf3 57.
Be2 Qe3 58. Qd1 Ne4 59. Qd3 Qf2+ 60. Kd1 Qg1+ 61. Kc2 Qf2 62. Qf3 Kf6 63. Qg4 1-0